Map: Eternal Empire LE

Players

Massa

  • Race: Terran Terran
  • League: Platinum
  • Spawn Location: 1:00

SMaRTFeeD - Winner!

  • Race: Zerg Zerg
  • League: Diamond
  • Spawn Location: 7:00

VOD

Have the link to the VOD?

Description

Time

  • Played on: Sept. 4, 2020, 10:57 a.m.
  • Length: 15:41
Show
View Real Time Build Order
Export as new Build Order

Massa Terran 

Build Orders: Gas First Reaper Expand 

Get SALT Encoding   

  12  0:00  SCV  
  13  0:12  SCV  
  14  0:19  Supply Depot  
  14  0:24  SCV  
  15  0:31  Refinery  
  15  0:42  Barracks  
  15  0:45  SCV  
  16  0:58  SCV  
  17  1:10  SCV  
  18  1:22  SCV  
  19  1:29  Reaper  
  20  1:35  Command Center  
  20  1:38  SCV  
  21  1:52  Orbital Command  
  21  2:01  Marine  
  22  2:18  SCV  
  23  2:24  Barracks Reactor, Factory  
  23  2:40  Supply Depot  
  23  2:47  SCV  
  24  2:55  Orbital Command  
  24  2:59  SCV  
  24  3:01  Refinery  
  24  3:03  Supply Depot  
  25  3:11  SCV  
  25  3:12  Barracks Tech Lab  
  26  3:23  SCV  
  26  3:24  Command Center  
  26  3:26  Engineering Bay  
  27  3:28  Hellion  
  29  3:35  SCV  
  29  3:36  Supply Depot  
  30  3:44  Supply Depot  
  30  3:46  Hellion  
  30  3:47  SCV  
  33  4:01  Hellion  
  35  4:07  Hellion  
  36  4:12  Stimpack  
  36  4:24  SCV  
  36  4:25  SCV  
  36  4:29  Hellion x2  
  36  4:30  Marauder  
  44  4:36  Starport  
  44  4:37  SCV x2  
  47  4:48  Orbital Command  
  47  4:49  SCV x2  
  47  4:50  Hellion x2  
  52  4:58  Missile Turret  
  52  5:05  Missile Turret  
  52  5:11  Barracks  
  52  5:12  Hellion x2  
  56  5:20  Missile Turret  
  56  5:25  Missile Turret  
  56  5:46  Missile Turret  
  56  5:47  Marauder  
  56  5:49  Widow Mine x2  
  62  6:09  Marauder  
  62  6:11  Widow Mine  
  66  6:25  Barracks Reactor, Orbital Command  
  64  6:30  SCV, Marauder  
  64  6:31  SCV  
  68  6:33  Starport Tech Lab  
  68  6:42  SCV, Barracks  
  68  6:43  SCV  
  68  6:44  Barracks  
  70  6:52  Marauder  
  70  6:53  Widow Mine  
  70  6:54  Widow Mine  
  76  6:55  SCV x2, Concussive Shells  
  78  7:01  Refinery  
  78  7:02  Marine x2  
  78  7:07  SCV x2  
  82  7:09  Engineering Bay  
  82  7:12  Terran Infantry Weapons Level 1  
  82  7:13  Marauder  
  84  7:19  SCV  
  85  7:33  Barracks  
  85  7:47  Supply Depot  
  85  8:02  Widow Mine  
  85  8:09  SCV x3, Marauder, Marine x2  
  85  8:11  Supply Depot  
  92  8:15  Barracks Tech Lab x2, Supply Depot  
  92  8:16  Supply Depot  
  92  8:18  Supply Depot  
  92  8:21  SCV  
  92  8:22  Starport  
  93  8:27  Barracks Reactor, Supply Depot  
  93  8:29  Widow Mine  
  93  8:32  SCV x2, Marauder, Marine, Viking  
  93  8:33  SCV  
  99  8:34  Supply Depot  
  98  8:41  Supply Depot  
  98  8:44  SCV x2  
  98  8:50  SCV  
  98  8:51  Supply Depot  
  98  8:54  Marauder  
  101  8:56  SCV x2, Supply Depot  
  101  9:01  Terran Infantry Armor Level 1  
  101  9:02  SCV, Viking  
  106  9:05  Armory  
  106  9:07  Refinery  
  106  9:12  Refinery  
  106  9:14  Refinery, Supply Depot  
  106  9:15  Command Center  
  106  9:32  Medivac  
  106  9:35  Command Center  
  108  9:44  Missile Turret  
  106  9:47  Missile Turret  
  106  9:48  Missile Turret  
  106  9:51  Missile Turret  
  106  9:53  Missile Turret  
  106  9:59  Missile Turret  
  106  10:01  Missile Turret x2  
  106  10:03  Missile Turret  
  106  10:04  Missile Turret  
  106  10:06  Marine  
  107  10:07  Marine x6  
  107  10:10  Missile Turret  
  111  10:14  Missile Turret  
  111  10:15  Starport Reactor  
  101  10:23  Missile Turret  
  101  10:24  Marine  
  101  10:25  Marine x6  
  101  10:27  Terran Infantry Weapons Level 2  
  108  10:37  Sensor Tower  
  108  10:42  Marine, Missile Turret  
  109  10:43  Marine x6  
  115  11:00  Marine  
  116  11:05  Missile Turret  
  116  11:07  Missile Turret x3  
  116  11:08  Missile Turret x2  
  116  11:14  Viking x2  
  116  11:16  Orbital Command  
  121  11:25  SCV  
  121  11:26  SCV x2, Missile Turret  
  121  11:27  Missile Turret x2  
  120  11:37  SCV  
  120  11:38  Widow Mine x2, SCV x2  
  127  11:45  SCV  
  128  11:59  Widow Mine x2  
  120  12:21  Command Center  
  118  12:43  Marauder, Marine x2  
  118  12:44  Marauder x2, Marine x2  
  108  13:01  Marine x3  
  108  13:05  Marauder x2  
  91  13:06  Marauder  
  74  13:24  SCV x2  
  74  13:25  SCV  
  74  13:26  Marauder  
  70  13:36  SCV x2  
  70  13:37  SCV  
  73  13:46  Missile Turret  
  73  13:48  SCV x2, Planetary Fortress  
  73  13:52  SCV  
  76  14:00  SCV  
  76  14:01  SCV  
  78  14:04  SCV  
  78  14:08  Missile Turret  
  79  14:12  SCV  
  79  14:13  SCV  
  79  14:16  SCV  
  66  14:25  SCV x2  
  66  14:27  Missile Turret  
  66  14:29  SCV, Orbital Command  
  69  14:37  SCV x2  
  71  14:40  Starport  
  71  14:46  Factory Tech Lab  
  71  14:49  Missile Turret  
  64  14:54  Marauder x2, Marine x4  
  65  15:08  Orbital Command  
  65  15:10  Missile Turret  
  65  15:12  Marine x4  
  62  15:15  Marauder x2  
  62  15:18  Missile Turret  
Show
View Real Time Build Order
Export as new Build Order

SMaRTFeeD Zerg - Winner!

Build Orders: Hatch First, Muta Ling Bane 

Get SALT Encoding   

  12  0:01  Drone  
  13  0:12  Overlord  
  13  0:18  Drone  
  14  0:32  Drone x2  
  14  0:35  Drone  
  17  0:53  Drone  
  17  0:56  Hatchery  
  17  1:00  Drone  
  18  1:07  Extractor  
  17  1:16  Spawning Pool  
  17  1:18  Drone  
  17  1:22  Drone  
  18  1:32  Drone  
  19  1:40  Drone  
  20  1:52  Drone  
  21  2:07  Queen, Overlord  
  23  2:09  Queen  
  23  2:10  Drone  
  23  2:12  Drone  
  27  2:20  Zergling x2  
  28  2:28  Zergling x2  
  29  2:36  Metabolic Boost  
  29  2:38  Drone  
  29  2:42  Hatchery, Zergling x2  
  29  2:43  Zergling x2  
  30  2:55  Zergling x4  
  30  2:56  Zergling x2  
  33  3:10  Drone x2  
  35  3:14  Pneumatized Carapace  
  35  3:20  Drone  
  35  3:23  Overlord x2  
  36  3:41  Queen  
  36  3:46  Drone  
  36  3:47  Drone x6  
  45  3:50  Evolution Chamber  
  45  3:55  Drone  
  45  3:57  Queen  
  45  4:02  Drone  
  47  4:12  Zergling x4  
  47  4:13  Zergling x8  
  53  4:23  Drone  
  53  4:24  Drone x3  
  57  4:27  Drone  
  57  4:30  Overlord x2  
  58  4:33  Zerg Melee Weapons Level 1  
  58  4:43  Overlord  
  58  4:48  Queen  
  58  4:50  Zergling x4  
  58  4:51  Zergling x4  
  58  4:52  Drone  
  65  4:56  Extractor  
  65  4:59  Extractor  
  64  5:07  Drone  
  64  5:08  Baneling Nest  
  64  5:13  Drone x8  
  64  5:14  Drone x2  
  72  5:31  Drone x3  
  72  5:32  Drone x3  
  72  5:33  Drone  
  78  5:40  Queen x2  
  76  5:56  Zergling x2  
  81  5:57  Zergling x8  
  81  5:59  Overlord x4  
  81  6:05  Lair  
  77  6:24  Drone  
  78  6:31  Zerg Ground Armor Level 1  
  78  6:34  Queen  
  80  6:52  Evolution Chamber  
  80  6:53  Zergling x2  
  80  6:54  Zergling x26  
  88  6:57  Hatchery  
  92  7:07  Overlord  
  92  7:08  Overlord  
  92  7:18  Extractor  
  90  7:29  Zerg Melee Weapons Level 2  
  90  7:34  Spire  
  89  7:41  Drone  
  89  7:42  Drone x14  
  104  7:50  Drone  
  105  7:52  Centrifical Hooks  
  93  8:12  Extractor  
  88  8:14  Extractor  
  88  8:16  Queen  
  88  8:18  Drone x3  
  92  8:22  Drone x3  
  92  8:23  Drone x3  
  92  8:24  Drone x2  
  95  8:47  Mutalisk x10  
  110  8:51  Zergling x2  
  110  8:52  Queen, Zergling x6  
  116  8:56  Infestation Pit  
  116  8:59  Zerg Flyer Weapons Level 1  
  116  9:01  Zergling x10  
  120  9:10  Overlord x3  
  120  9:11  Overlord  
  120  9:20  Overseer  
  120  9:23  Overlord x3  
  120  9:27  Zerg Ground Armor Level 2  
  120  9:29  Mutalisk  
  120  9:30  Mutalisk  
  124  9:31  Zergling x2  
  124  9:32  Zergling x14  
  124  9:38  Hatchery  
  131  9:40  Hatchery  
  128  9:46  Overlord  
  128  9:47  Overlord  
  128  9:48  Overseer x2  
  128  9:50  Mutalisk x3  
  134  9:54  Drone  
  134  9:55  Drone x3  
  134  9:57  Extractor  
  137  10:00  Extractor  
  136  10:13  Mutalisk x4  
  134  10:26  Zergling x18  
  134  10:27  Zergling x4  
  140  10:36  Hive  
  140  10:43  Zergling x16  
  140  10:44  Zergling x2  
  149  10:59  Drone x3  
  149  11:00  Drone x3  
  155  11:07  Hatchery  
  154  11:17  Baneling x11  
  154  11:18  Baneling x9  
  154  11:19  Baneling x3  
  154  11:25  Neural Parasite, Spore Crawler  
  151  11:40  Zergling x2  
  151  11:41  Zergling x30  
  151  11:42  Zergling x26  
  180  11:51  Ultralisk Cavern  
  180  11:53  Zergling x2  
  180  11:54  Zergling x22  
  184  12:09  Zergling x2  
  184  12:10  Zergling x16  
  180  12:19  Drone  
  180  12:20  Drone x6  
  184  12:45  Unknown  
  184  12:50  Zerg Flyer Weapons Level 2  
  183  12:52  Pathogen Glands  
  183  12:53  Anabolic Synthesis  
  183  12:55  Ultralisk x2  
  183  12:56  Ultralisk  
  183  12:57  Zergling x4  
  144  13:14  Ultralisk x2  
  144  13:15  Zergling x10, Ultralisk  
  144  13:16  Zergling x32  
  159  13:35  Chitinous Plating  
  159  13:36  Adrenal Glands  
  159  13:45  Spire  
  159  13:47  Ultralisk x2  
  170  13:48  Hatchery  
  170  13:53  Overlord x3  
  170  13:55  Overseer x2  
  169  14:06  Drone x2, Spine Crawler  
  169  14:07  Drone x2  
  169  14:08  Spine Crawler  
  167  14:33  Hatchery  
  167  14:36  Zergling x2, Ultralisk x4  
  167  14:37  Zergling x18  
  192  14:57  Hatchery  
  189  15:05  Corruptor  
  189  15:06  Corruptor  
  193  15:08  Overlord  
  193  15:09  Overlord x2  
Tags
 
Add a new tag
Caveats
  • Supply blocks, unpowered buildings, or Contaminate may cause inaccurate times.
  • Supply counts are checked every 10 seconds.